 Dungeon Crawl Stone Soup version 0.23.2-1-ga50397a (webtiles) character file.

Game seed: 17290127380900330685

10351 diana the Blocker (level 11, 0/87 HPs)
             Began as a Demonspawn Fighter on May 24, 2019.
             Was a Believer of Makhleb.
             Slain by Snorg (6 damage)
             ... on level 10 of the Dungeon.
             The game lasted 00:18:04 (12240 turns).

diana the Blocker (Demonspawn Fighter)             Turns: 12240, Time: 00:18:06

Health: 0/87       AC: 13    Str: 20    XL:     11   Next: 35%
Magic:  0/11       EV: 16    Int: 13    God:    Makhleb [**....]
Gold:   591        SH: 17    Dex: 15    Spells: 10/10 levels left

rFire    x . .     SeeInvis .   J - +2 war axe of Classification {vamp, +Inv rF- Int+4}
rCold    + . .     Gourm    .   j - +0 large shield
rNeg     . . .     Faith    .   I - +0 ring mail {rPois}
rPois    +         Spirit   +   t - +2 helmet
rElec    .         Reflect  .   L - +1 cloak {MR+}
rCorr    +         Harm     .   s - +0 pair of gloves "Hiusyuciri" {rC+ rCorr Dex+2}
MR       +....                  (no boots)
Stlth    ++........             (no amulet)
HPRegen  0.24/turn              d - +4 ring of evasion
MPRegen  0.24/turn              u - ring of stealth

@: hasted, very quick
A: magic shield, magic regeneration, rot immunity, sturdy frame 1
a: Minor Destruction, Renounce Religion, Evoke Invisibility


You were on level 10 of the Dungeon.
You worshipped Makhleb.
Makhleb was pleased with you.
You were very hungry.

You visited 3 branches of the dungeon, and saw 12 of its levels.
You also visited: Sewer.

You collected 635 gold pieces.
You spent 44 gold pieces at shops.

Inventory:

Hand Weapons
 G - a +0 broad axe
 J - the +2 war axe of Classification (weapon) {vamp, +Inv rF- Int+4}
   (You found it on level 7 of the Dungeon)

   It inflicts no extra harm, but heals its wielder when it wounds a living foe.
   It affects your intelligence (+4).
   It makes you vulnerable to fire.
   It lets you turn invisible.
Armour
 j - a +0 large shield (worn)
 s - the +0 pair of gloves "Hiusyuciri" (worn) {rC+ rCorr Dex+2}
   (You found it on level 4 of the Dungeon)

   It affects your dexterity (+2).
   It protects you from cold.
   It provides partial protection from all sources of acid and corrosion.
 t - a +2 helmet (worn)
 I - a +0 ring mail of poison resistance (worn)
 L - a +1 cloak of magic resistance (worn)
Jewellery
 d - a +4 ring of evasion (left hand)
 o - an uncursed ring of ice
 u - a ring of stealth (right hand)
Wands
 H - a wand of acid (11)
 K - a wand of digging (4)
Scrolls
 a - a scroll of acquirement {unknown}
 c - a scroll of summoning {unknown}
 h - 4 scrolls of fog
 i - 2 scrolls of enchant weapon {unknown}
 l - a scroll of vulnerability {unknown}
 m - 5 scrolls of remove curse
 n - 3 scrolls of enchant armour {unknown}
 p - 3 scrolls of amnesia {unknown}
 q - 2 scrolls of noise {unknown}
 r - 5 scrolls of teleportation
 v - 3 scrolls of blinking {unknown}
 w - 2 scrolls of fear {unknown}
 y - 5 scrolls of magic mapping
 E - 3 scrolls of immolation {unknown}
Potions
 b - a potion of cancellation
 e - 6 potions of brilliance
 g - a potion of mutation
 x - 4 potions of resistance
 z - 2 potions of magic
 A - 2 potions of might
 B - 2 potions of heal wounds {unknown}
 C - a potion of curing {unknown}
 D - a potion of invisibility {unknown}
 F - 4 potions of flight
 M - 2 potions of ambrosia
 O - a potion of berserk rage {unknown}
Comestibles
 f - 17 rations


   Skills:
 + Level 8.5 Fighting
 + Level 7.5 Axes
 + Level 7.2 Armour
 + Level 6.6 Dodging
 * Level 9.3 Shields


You had 10 spell levels left.
You didn't know any spells.
Your spell library contained the following spells:

 Spells                   Type           Power        Failure   Level  Hunger
 Animate Skeleton         Necr           N/A          96%         1    ##.....
 Apportation              Tloc           #.....       96%         1    ##.....
 Confusing Touch          Hex            #.....       96%         1    ##.....
 Sandblast                Erth           #.....       96%         1    ##.....
 Summon Small Mammal      Summ           #...         96%         1    ##.....
 Cause Fear               Hex            #.........   100%        4    #####..
 Borgnjor's Vile Clutch   Necr/Erth      #.........   100%        5    ######.
 Lee's Rapid Deconstruct  Erth           #.........   100%        5    ######.
 Silence                  Hex/Air        #.........   100%        5    ######.
 Yara's Violent Unravell  Hex/Tmut       #.........   100%        5    ######.
 Deflect Missiles         Chrm/Air       #.........   100%        6    #######
 Discord                  Hex            #.........   100%        8    #######
 Shatter                  Erth           #.........   100%        9    #######


Dungeon Overview and Level Annotations

Branches:
Dungeon (10/15)            Temple (1/1) D:7            Lair (1/6) D:8
    Orc: D:9-12

Altars:
Ashenzari
Cheibriados
Fedhas
Gozag
Kikubaaqudgha
Makhleb
Nemelex Xobeh
Okawaru
Ru
Sif Muna
Trog
Vehumet
Wu Jian
Xom
Zin
The Shining One
Jiyva

Shops:
D:2 *   D:6 (   D:8 *

Annotations:
D:5 3 runed translucent doors, Borbor's ghost, novice MfGl
D:10 Harold; Snorg


Innate Abilities, Weirdness & Mutations

When hurt, damage is shared between your health and your magic reserves.
You regenerate magic rapidly.
You are immune to rotting.
Your movements are slightly less encumbered by armour. (ER -2)


Message History

Snorg closely misses you. You block Snorg's attack.
Unknown command.
You feel yourself speed up. You block Snorg's attack. Snorg misses you.
You block Snorg's attack. Snorg barely misses you.
Snorg claws you but does no damage. Snorg closely misses you.
Harold gestures at you while chanting. The harpoon shot hits you.
* * * LOW HITPOINT WARNING * * *
You are yanked forward by the harpoon shot.
As you read the scroll of teleportation, it crumbles to dust.
You feel strangely stable.
Harold hits you with a +3 long sword of holy wrath.
* * * LOW HITPOINT WARNING * * *
You convulse.
* * * LOW HITPOINT WARNING * * *
Snorg rages.
Snorg closely misses you. Snorg claws you.
* * * LOW HITPOINT WARNING * * *
Snorg claws you!
You die...

#..###.####. #.##
##..##. #.#
#..... ##### #.#
##.... ##...#
#.## #####
##....# #..#
......####..#
#..?(.)..#
##@.......#
#.T.....%.#
......@.###.....#
.......## #..#..#
....... #..#..# #
....... #..#..#
## #####..
...#..# ##) ##.
##.# ## #..#


You could see Snorg (berserk) and Harold.

Vanquished Creatures
  Fannar (D:10)
  3 death yaks (D:8)
  Grinder (D:4)
  4 hippogriffs
  3 blink frogs (Lair:1)
  A spriggan (D:9)
  11 yaks
  2 water moccasins
  4 porcupines (D:8)
  2 sky beasts
  2 ice beasts
  3 ogres
  3 eyes of draining
  6 phantoms
  A centaur (D:5)
  6 bullfrogs
  4 scorpions
  5 wights (D:9)
  4 howler monkeys
  2 crimson imps
  A quasit (D:10)
  Crazy Yiuf (D:7)
  3 bullfrog skeletons
  2 hounds
  3 jellies
  8 orc priests
  10 orc wizards
  2 iguanas
  7 worker ants
  A hell rat (D:8)
  A mummy (D:6)
  A worker ant zombie (D:5)
  13 gnolls
  15 adders
  4 river rats (Sewer)
  3 shadow imps
  An ooze (D:4)
  An adder zombie (D:4)
  3 adder skeletons (D:4)
  4 worms
  2 dart slugs
  6 leopard geckos
  26 orcs
  17 ball pythons
  7 giant cockroaches
  8 goblins
  3 hobgoblins (D:2)
  15 jackals
  4 kobolds
  7 quokkas
  A ball python skeleton (D:4)
  6 bats
  7 frilled lizards
  30 rats
  A plant (D:4)
292 creatures vanquished.

Vanquished Creatures (others)
  A gnoll (D:10)
  A fungus (D:2)
2 creatures vanquished.

Grand Total: 294 creatures vanquished

Notes
Turn   | Place    | Note
-------+----------+-------------------------------------------
     0 | D:1      | diana the Demonspawn Fighter began the quest for the Orb.
     0 | D:1      | Reached XP level 1. HP: 18/18 MP: 1/1
   138 | D:1      | Gained mutation: When hurt, damage is shared between your
                  | health and your magic reserves. [demonic ancestry]
   138 | D:1      | Reached XP level 2. HP: 24/24 MP: 2/2
   738 | D:2      | Gained mutation: You are immune to rotting. [demonic
                  | ancestry]
   738 | D:2      | Reached XP level 3. HP: 29/29 MP: 3/3
   748 | D:2      | Reached skill level 1 in Dodging
   820 | D:2      | Reached skill level 3 in Shields
  1120 | D:2      | Gained mutation: Your movements are slightly less
                  | encumbered by armour. (ER -2) [demonic ancestry]
  1120 | D:2      | Reached XP level 4. HP: 22/35 MP: 2/4
  1254 | D:2      | Found a sparkling altar of Nemelex Xobeh.
  1303 | D:2      | Found Zin's Purification Station.
  1306 | D:2      | Found a glowing silver altar of Zin.
  1321 | D:2      | Found a blossoming altar of Fedhas.
  2705 | D:3      | Found a radiant altar of Vehumet.
  2848 | D:3      | Reached XP level 5. HP: 13/42 MP: 1/5
  3059 | D:3      | Found an opulent altar of Gozag.
  3621 | D:4      | Noticed Grinder
  3628 | D:4      | Paralysed by Grinder for 5 turns
  3808 | D:4      | Got a pair of blackened gloves
  3814 | D:4      | Identified the +0 pair of gloves "Hiusyuciri" {rC+ rCorr
                  | Dex+2} (You found it on level 4 of the Dungeon)
  3998 | D:4      | Reached skill level 4 in Shields
  3998 | D:4      | Reached XP level 6. HP: 47/49 MP: 4/6
  4552 | D:4      | Reached XP level 7. HP: 50/55 MP: 5/7
  4732 | D:4      | Reached skill level 5 in Fighting
  4751 | D:4      | Paralysed by Grinder for 4 turns
  4764 | D:4      | Killed Grinder
  5047 | D:4      | Found a shattered altar of Ashenzari.
  5143 | D:5      | Entered Level 5 of the Dungeon
  5229 | D:5      | Reached XP level 8. HP: 63/63 MP: 8/8
  5247 | D:5      | Found a runed translucent gate.
  5247 | D:5      | Found a runed translucent gate.
  5247 | D:5      | Found a runed translucent gate.
  5264 | D:5      | Reached skill level 5 in Shields
  5281 | D:5      | Found a glowing drain.
  5299 | Sewer    | Entered a sewer
  5958 | D:5      | Reached skill level 5 in Axes
  6013 | D:5      | Noticed Borbor's ghost (novice MfGl)
  6541 | D:5      | Reached skill level 5 in Armour
  6728 | D:6      | Found a sparkling altar of Nemelex Xobeh.
  6758 | D:6      | Gained mutation: You regenerate magic rapidly. [demonic
                  | ancestry]
  6758 | D:6      | Reached XP level 9. HP: 56/71 MP: 6/9
  7047 | D:6      | Found Eskiuj's Weapon Shoppe.
  7051 | D:6      | Bought a +0 broad axe for 44 gold pieces
  7114 | D:6      | Reached skill level 6 in Shields
  7119 | D:6      | Found a sparkling altar of Nemelex Xobeh.
  7245 | D:6      | Found a sparkling altar of Nemelex Xobeh.
  7383 | D:6      | Found a snail-covered altar of Cheibriados.
  7737 | D:7      | Found an ancient bone altar of Kikubaaqudgha.
  7849 | D:7      | Found an ornate altar of the Wu Jian Council.
  7864 | D:7      | Got an encrusted war axe
  7926 | D:7      | Found a staircase to the Ecumenical Temple.
  8073 | D:7      | Found a runed translucent door.
  8074 | D:7      | Noticed Crazy Yiuf
  8255 | D:7      | Identified the +2 war axe of Classification {vamp, +Inv rF-
                  | Int+4} (You found it on level 7 of the Dungeon)
  8437 | D:7      | Found a bloodstained altar of Trog.
  8617 | Temple   | Entered the Ecumenical Temple
  8644 | Temple   | Became a worshipper of Makhleb the Destroyer
  8812 | D:7      | Killed Crazy Yiuf
  8944 | D:8      | Found Eti Ysae's Assorted Antiques.
  8977 | D:8      | Reached skill level 7 in Shields
  9025 | D:8      | Reached skill level 5 in Dodging
  9038 | D:8      | Found a sacrificial altar of Ru.
  9430 | D:8      | Found a staircase to the Lair.
  9430 | D:8      | Noticed a death yak
  9431 | D:8      | Noticed a death yak
  9431 | D:8      | Noticed a death yak
  9436 | D:8      | Reached XP level 10. HP: 77/79 MP: 10/10
  9441 | D:8      | Killed a death yak
  9674 | D:8      | Killed a death yak
  9684 | D:8      | Killed a death yak
  9684 | D:8      | Reached skill level 8 in Shields
  9722 | D:8      | Found an iron altar of Okawaru.
  9981 | D:9      | Found a deep blue altar of Sif Muna.
  9989 | D:9      | Identified the Catalogue of Stones
 10008 | D:9      | Reached * piety under Makhleb
 10165 | D:9      | Reached XP level 11. HP: 86/86 MP: 9/11
 10598 | D:10     | Entered Level 10 of the Dungeon
 10842 | D:10     | Reached ** piety under Makhleb
 10852 | D:10     | Reached skill level 9 in Shields
 11235 | D:10     | Noticed Snorg
 11367 | Lair:1   | Entered Level 1 of the Lair of Beasts
 11727 | Lair:1   | Noticed a four-headed hydra
 11960 | D:10     | Noticed Fannar
 12099 | D:10     | Killed Fannar
 12232 | D:10     | Noticed Harold
 12240 | D:10     | Slain by Snorg

Skill      XL: |  1  2  3  4  5  6  7  8  9 10 11 |
---------------+----------------------------------+-----
Axes           | 2 3 4 5 6 7 |  7.5
Dodging        | 1 2 4 5 6 |  6.6
Shields        | 3 4 5 7 8 9 |  9.3
Fighting       | 4 5 6 7 8 |  8.5
Armour         | 3 4 5 6 7 |  7.2

Action                   |  1- 3 |  4- 6 |  7- 9 | 10-12 || total
-------------------------+-------+-------+-------+-------++-------
Melee: War axe           |   128 |   221 |   579 |   341 ||  1269
       Broad axe         |       |       |    75 |       ||    75
Evoke: Wand              |       |       |       |     4 ||     4
  Use: Potion            |       |     1 |     7 |     2 ||    10
       Scroll            |       |       |     7 |     5 ||    12
  Eat: Chunk             |       |    12 |    16 |     5 ||    33
       Ration            |       |       |     2 |     1 ||     3
Armor: Scale mail        |    63 |    81 |   179 |       ||   323
       Skin              |       |       |    42 |       ||    42
       Ring mail         |       |       |    26 |   100 ||   126
Dodge: Dodged            |    32 |    54 |   266 |   201 ||   553
Block: Shield            |    15 |       |       |       ||    15
       Large shield      |   102 |   189 |   545 |   372 ||  1208
